 Dungeon Crawl Stone Soup version 0.21.1-1-g345015f (webtiles) character file.

102 Inarius the Ruffian (level 4, 0/37 HPs)
             Began as a Ghoul Gladiator on Feb 27, 2018.
             Slain by an ogre
             ... wielding a +0 giant club
              (8 damage)
             ... on level 2 of the Dungeon.
             The game lasted 00:02:20 (807 turns).

Inarius the Ruffian (Ghoul Gladiator)                Turns: 807, Time: 00:02:21

Health: 0/37       AC:  9    Str: 17    XL:     4   Next: 78%
Magic:  3/3        EV:  7    Int:  4    God:
Gold:   43         SH:  0    Dex: 10    Spells: 3/3 levels left

rFire    . . .     SeeInvis .     - Unarmed
rCold    + . .     Gourm    .   (no shield)
rNeg     + + +     Faith    .   n - +0 chain mail
rPois    ∞         Spirit   .   b - +0 helmet
rElec    .         Reflect  .   (no cloak)
rCorr    .         Harm     .   (no gloves)
MR       .....                  (no boots)
Stlth    ..........             (no amulet)
HPRegen  0.00/turn              (no ring)
MPRegen  0.08/turn              (no ring)

@: confused, rotting
A: rotting body, claws 1, carnivore, cold resistance 1, negative energy
resistance 3, inhibited regeneration, torment resistance, unbreathing
a: no special abilities


You were on level 2 of the Dungeon.
You were not hungry.

You visited 1 branch of the dungeon, and saw 2 of its levels.

You collected 43 gold pieces.

Inventory:

Missiles
 c - 3 throwing nets (quivered)
Armour
 b - a +0 helmet (worn)
 n - a +0 chain mail (worn)
Scrolls
 g - a scroll of fog {unknown}
 k - a scroll of teleportation {unknown}
 l - 2 scrolls of remove curse {unknown}
Potions
 e - a potion of might {unknown}
 h - a potion of haste {unknown}
 i - a potion of mutation {unknown}
 j - a potion of heal wounds {unknown}
 m - a potion of lignification {unknown}
Comestibles
 d - 6 rations
 f - 6 chunks of flesh


   Skills:
 + Level 2.4 Fighting
 + Level 1.9 Throwing
 + Level 0.5 Armour
 + Level 3.2 Dodging
 + Level 5.1 Unarmed Combat


You had 3 spell levels left.
You didn't know any spells.

Dungeon Overview and Level Annotations

Branches:
Dungeon (2/15)

Altars:
Ashenzari


Innate Abilities, Weirdness & Mutations

Your body is rotting away.
You thrive on raw meat.
You are immune to poison.
You have sharp fingernails.
You are carnivorous and can eat meat at any time.
Your flesh is cold resistant. (rC+)
You are immune to negative energy. (rN+++)
You do not regenerate when monsters are visible.
You are immune to unholy pain and torment.
You can survive without breathing.


Message History

The ogre hits you with a giant club.
It was a potion of ambrosia.
You are confused.
You feel invigorated.
You claw the ogre!
The ogre is moderately wounded.
The ogre barely misses you.
You scratch the ogre but do no damage.
The ogre is moderately wounded.
The ogre hits you with a giant club!
You closely miss the ogre.
The ogre is moderately wounded.
Your chain mail prevents you from hitting the ogre.
The ogre is moderately wounded.
The ogre hits you with a giant club!
* * * LOW HITPOINT WARNING * * *
You scratch the ogre.
The ogre is moderately wounded.
The ogre hits you with a giant club!
You die...

.....##.# #...(....#
#..###.... .........
####.....###..#......
###.###.#
#..........#.##### #.#
.# ####..####.##.## #
...
.##.####.....####.#...##
# .#
#.................[..###
######.....####...÷.....
##.#..# ##.....##.
#@#..# ##...###.
#.########O#..# ##......
#.............# ####...
######....##.# #.##
#.#### # #.## #..$....#
#.## #..###### #.## #..?
#.## #.### #.##


You could see an ogre.

Vanquished Creatures
  Terence (D:2)
  2 adders (D:2)
  An ooze (D:1)
  A dart slug (D:1)
  5 leopard geckos
  3 giant cockroaches
  3 goblins
  8 hobgoblins
  2 jackals (D:1)
  A ball python (D:1)
  5 bats
  5 frilled lizards (D:1)
  5 kobolds (D:1)
  8 rats
50 creatures vanquished.

Vanquished Creatures (others)
  5 toadstools (D:1)
5 creatures vanquished.

Grand Total: 55 creatures vanquished

Notes
Turn   | Place    | Note
-------+----------+-------------------------------------------
     0 | D:1      | Inarius the Ghoul Gladiator began the quest for the Orb.
     0 | D:1      | Reached XP level 1. HP: 17/17 MP: 0/0
    35 | D:1      | Reached XP level 2. HP: 24/24 MP: 1/1
   185 | D:1      | Reached XP level 3. HP: 30/30 MP: 2/2
   198 | D:1      | Reached skill level 4 in Unarmed Combat
   593 | D:2      | Reached XP level 4. HP: 35/37 MP: 3/3
   601 | D:2      | Found a shattered altar of Ashenzari.
   700 | D:2      | Noticed Terence
   712 | D:2      | Killed Terence
   712 | D:2      | Reached skill level 5 in Unarmed Combat
   790 | D:2      | Noticed an ogre
   807 | D:2      | Slain by an ogre

Skill      XL: |  1  2  3  4 |
---------------+-------------+-----
Dodging        | 3 |  3.2
Unarmed Combat | 4 5 |  5.1
Fighting       | |  2.4
Throwing       | |  1.9
Armour         | |  0.5

Action                   |  1- 3 |  4- 6 || total
-------------------------+-------+-------++-------
Melee: Unarmed           |    82 |    48 ||   130
       Punch             |     2 |     2 ||     4
  Use: Potion            |       |     1 ||     1
  Eat: Chunk             |     9 |     6 ||    15
Armor: Leather armour    |    15 |       ||    15
       Scale mail        |     6 |    22 ||    28
       Chain mail        |       |     4 ||     4
Dodge: Dodged            |    51 |    26 ||    77
